 Dungeon Crawl Stone Soup version 0.29-a0-284-gf9362112df (webtiles) character file.

Game seed: 11574558159359681749

1255 mdonais the Sneak (level 8, -1/55 HPs)
             Began as an Octopode Brigand on Mar 15, 2022.
             Was a Priest of Kikubaaqudgha.
             Slain by a sky beast (5 damage)
             ... on level 5 of the Dungeon.
             The game lasted 00:32:27 (6379 turns).

mdonais the Sneak (Octopode Brigand)                Turns: 6379, Time: 00:32:28

Health: -1/55      AC:  2    Str: 10    XL:     8   Next: 51%
Magic:  2/11       EV: 17    Int: 23    God:    Kikubaaqudgha [***...]
Gold:   209        SH:  5    Dex: 15    Spells: 7/11 levels left

rFire   . . .      SeeInvis .   o - +1 dagger (freeze)
rCold   . . .      Faith    .   i - +0 buckler
rNeg    . . .      Spirit   .   c - +1 hat "Duexiux" {Int+3}
rPois   .          Reflect  .   (no amulet)
rElec   .          Harm     .   f - +6 ring of intelligence
rCorr   .          Rampage  .   e - +4 ring of evasion
Will    .....                   (no ring)
Stlth   ++++......              (no ring)
HPRegen 0.18/turn               (no ring)
MPRegen 0.12/turn               (no ring)
                                (no ring)
                                (no ring)

@: no status effects
A: almost no armour, amphibious, 8 rings, camouflage 1, gelatinous body 1,
(nimble swimmer 1), tentacles
a: Renounce Religion, Receive Corpses


You were on level 5 of the Dungeon.
You worshipped Kikubaaqudgha.
Kikubaaqudgha was most pleased with you.
You visited 2 branches of the dungeon, and saw 7 of its levels.
You also visited: Sewer.

You collected 209 gold pieces.

Inventory:

Hand Weapons
 a - a +2 dagger
 g - a +0 long sword
   (You found it on level 4 of the Dungeon)
 k - a +1 short sword of holy wrath
   (You took it off a kobold on level 4 of the Dungeon)
 n - a +4 mace
   (You found it on level 3 of the Dungeon)
 o - a +1 dagger of freezing (weapon)
   (You took it off a goblin on level 3 of the Dungeon)
 x - a +0 rapier
   (You found it on level 5 of the Dungeon)
Missiles
 b - 11 poisoned darts
 h - 178 stones
 t - 9 boomerangs
 F - a curare-tipped dart (quivered)
Armour
 c - the +1 hat "Duexiux" (worn) {Int+3}
   (You acquired it on level 4 of the Dungeon)

   Int:       It affects your intelligence (+3).
 i - a +0 buckler (worn)
   (You found it on level 2 of the Dungeon)
Magical Staves
 d - a staff of conjuration
   (You found it on level 1 of the Dungeon)
 l - a staff of earth
   (You found it on level 2 of the Dungeon)
Jewellery
 e - a +4 ring of evasion (right tentacle)
   (You took it off a kobold on level 4 of the Dungeon)
 f - a +6 ring of intelligence (left tentacle)
   (You found it on level 1 of the Dungeon)
Wands
 s - a wand of polymorph (13)
   (You found it on level 4 of the Dungeon)
Scrolls
 j - a scroll of enchant weapon
 p - a scroll of magic mapping {unknown}
 u - a scroll of immolation
 v - a scroll of noise {unknown}
 T - a scroll of teleportation
Potions
 m - a potion of cancellation
 q - 2 potions of mutation {unknown}
 r - a potion of brilliance {unknown}
 w - a potion of lignification
 Q - a potion of curing


   Skills:
 - Level 5.1 Fighting
 - Level 5.1 Short Blades
 - Level 2.0 Throwing
 - Level 2.0 Dodging
 - Level 5.3 Stealth
 - Level 4.0 Shields
 - Level 2.0 Spellcasting
 + Level 3.2 Necromancy
 - Level 2.0 Air Magic
 - Level 3.0 Poison Magic


You had 7 spell levels left.
You knew the following spells:

 Your Spells              Type           Power      Damage    Failure   Level
a - Pain                  Necr           68%        1d7       4%          1
b - Poisonous Vapours     Pois/Air       26%        N/A       9%          2
c - Animate Skeleton      Necr           34%        N/A       4%          1

Your spell library contained the following spells:

 Spells                   Type           Power      Damage    Failure   Level
 Sublimation of Blood     Necr           17%        N/A       7%          2
 Corpse Rot               Necr/Air       28%        N/A       9%          2
 Vampiric Draining        Necr           17%        2d7       13%         3
 Apportation              Tloc           4%         N/A       16%         1
 Animate Dead             Necr           8%         N/A       41%         4
 Anguish                  Hex/Necr       4%         N/A       63%         4
 Excruciating Wounds      Necr           8%         N/A       77%         5
 Borgnjor's Vile Clutch   Necr/Erth      4%         N/A       93%         5
 Alistair's Intoxication  Tmut/Pois      6%         N/A       94%         5
 Death Channel            Necr           8%         N/A       100%        6


Dungeon Overview and Level Annotations

Branches:
Dungeon (6/15)             Temple (1/1) D:4           Sewer (visited)

Altars:
Fedhas
Kikubaaqudgha

Shops:
D:1 (   D:5 *

Annotations:
D:5 exclusion: phantom


Innate Abilities, Weirdness & Mutations

You cannot wear most types of armour.
You are amphibious.
You can wear up to eight rings at the same time.
Your skin changes colour to match your surroundings (Stealth+).
Your rubbery body absorbs attacks. (AC +1, EV +1)
((You are camouflaged when in or above water. (Stealth+)))
You have tentacles for arms and can constrict up to eight enemies at once.


Message History

Poisonous vapours surround the sky beast!
The sky beast looks as sick as possible!
The bullfrog gives a loud, deep croak!
The bullfrog swells and bulges.
You now have 3/11 mp.
The hound misses you.
You climb upwards.
Level annotation: exclusion: phantom
There is a stone staircase leading down here.
Casting: Poisonous Vapours (safe; 9% risk of failure)
Confirm with . or Enter, or press ? or * to list all spells.
Aiming: Poisonous Vapours (safe; 9% risk of failure)
Press: ? - help, Dir - move target, f - hound
Aim: a hound You miscast Poisonous Vapours.
You are very lightly contaminated with residual magic.
Nothing appears to happen.
The hound bites you. You block the hound's attack.
You take 5 damage, and have 45/55 hp.
You now have 1/11 mp.
Casting: Poisonous Vapours (safe; 9% risk of failure)
Confirm with . or Enter, or press ? or * to list all spells.
You don't have enough magic to cast this spell.
Unknown command.
You hit the hound. You freeze the hound. Your grab misses the hound.
Your tentacle-slap misses the hound.
Your squeeze misses the hound.
The hound is moderately wounded.
The hound completely misses you.
Casting: Poisonous Vapours (safe; 9% risk of failure)
Confirm with . or Enter, or press ? or * to list all spells.
Aiming: Poisonous Vapours (safe; 9% risk of failure)
Press: ? - help, Dir - move target, f/p - hound
Aim: a hound (moderately wounded) Poisonous vapours surround the hound!
The hound is poisoned.
The hound closely misses you.
You now have 0/11 mp.
You hit the hound. You freeze the hound. Your grab misses the hound.
The hound is heavily wounded.
The hound closely misses you. You block the hound's attack.
You barely miss the hound. Your grab misses the hound.
Your tentacle-slap misses the hound.
Your squeeze misses the hound.
The hound is severely wounded.
The hound barely misses you.
You hit the hound. You freeze the hound. You grab the hound.
The hound is almost dead.
You constrict the hound, but do no damage.
The hound misses you.
You hit the hound but do no damage.
The hound is almost dead.
You constrict the hound. The hound bites you.
You take 5 damage, and have 41/55 hp.
You hit the hound. You freeze the hound.
You kill the hound!
Kikubaaqudgha accepts your kill.
No target in view!
You start resting.
Your magical contamination has completely faded away.
You start resting.
HP restored.
Health restored: 55 You regained 9 mp, and now have 9/11 mp.
You start resting.
Magic restored.
MP restored: 11 You climb downwards.
The bullfrog completely misses you. The bullfrog misses you.
A jelly comes into view.
The sky beast flickers out of sight!
Deactivating autopickup; reactivate with Ctrl-A.
Something barely misses you.
There is a stone staircase leading up here.
The bullfrog misses you. Something hits you but does no damage.
The bullfrog completely misses you.
You climb upwards.
Level annotation: exclusion: phantom Reactivating autopickup.
There is a stone staircase leading down here.
Casting: Poisonous Vapours (safe; 9% risk of failure)
Confirm with . or Enter, or press ? or * to list all spells.
Aiming: Poisonous Vapours (safe; 9% risk of failure)
Press: ? - help, Dir - move target, f - bullfrog
Aim: a bullfrog Poisonous vapours surround the bullfrog!
The bullfrog is poisoned.
The bullfrog hits you but does no damage.
Something barely misses you.
You now have 9/11 mp.
Casting: Poisonous Vapours (safe; 9% risk of failure)
Confirm with . or Enter, or press ? or * to list all spells.
Aiming: Poisonous Vapours (safe; 9% risk of failure)
Press: ? - help, Dir - move target, f/p - bullfrog
Aim: a bullfrog (lightly wounded, poisoned) Poisonous vapours surround the bullfrog!
The bullfrog looks even sicker.
The bullfrog barely misses you.
A sky beast appears from thin air!
You block the sky beast's attack. The bullfrog misses you.
You now have 7/11 mp.
Casting: Poisonous Vapours (safe; 9% risk of failure)
Confirm with . or Enter, or press ? or * to list all spells.
Aiming: Poisonous Vapours (safe; 9% risk of failure)
Press: ? - help, Dir - move target, f - sky beast, p - bullfrog
Aim: a sky beast (rain) Poisonous vapours surround the sky beast!
The sky beast is poisoned.
The bullfrog hits you!
The sky beast flickers out of sight!
Deactivating autopickup; reactivate with Ctrl-A.
Something hits you. Something shocks you.
You take 15 damage, and have 40/55 hp.
MASSIVE DAMAGE!!
You now have 5/11 mp.
You closely miss the bullfrog. You grab the bullfrog. You squeeze the bullfrog!
The bullfrog is severely wounded.
You constrict the bullfrog. The bullfrog barely misses you.
Something hits you but does no damage.
Casting: Poisonous Vapours (safe; 9% risk of failure)
Confirm with . or Enter, or press ? or * to list all spells.
Aiming: Poisonous Vapours (safe; 9% risk of failure)
Press: ? - help, Dir - move target Poisonous vapours surround something!
You constrict the bullfrog. The bullfrog barely misses you.
The bullfrog misses you. Something hits you. Something shocks you.
You take 6 damage, and have 34/55 hp.
You now have 3/11 mp.
Casting: Poisonous Vapours (safe; 9% risk of failure)
Confirm with . or Enter, or press ? or * to list all spells.
Aiming: Poisonous Vapours (safe; 9% risk of failure)
Press: ? - help, Dir - move target Poisonous vapours surround something!
You constrict the bullfrog.
You kill the bullfrog!
Kikubaaqudgha accepts your kill. Something hits you. Something shocks you.
Your Necromancy skill increases to level 3!
You take 10 damage, and have 24/55 hp.
You now have 1/11 mp.
You miss something. Your squeeze misses something. Something hits you.
Something shocks you.
* * * LOW HITPOINT WARNING * * *
You take 8 damage, and have 16/55 hp.
Throw: 3 darts (curare)
Press: ? - help, Q - select action, (/) - cycle Shift-Dir - straight line You throw a curare-tipped dart.
Something hits you.
* * * LOW HITPOINT WARNING * * *
Something shocks you.
* * * LOW HITPOINT WARNING * * *
You take 9 damage, and have 7/55 hp.
Throw: 2 darts (curare)
Press: ? - help, Q - select action, (/) - cycle Shift-Dir - straight line You throw a curare-tipped dart.
A sky beast appears from thin air!
Reactivating autopickup.
The sky beast hits you.
* * * LOW HITPOINT WARNING * * *
The sky beast shocks you.
You die...
Kikubaaqudgha rasps: "You have failed me!
Welcome... death!"

.....# ##.##.# ###.### .....#
###..#.##########...... ..#+##
#...................... ..#.#
#.##.[..............### ..#.#
##'###...)...........#.# ..#.#
#>...#...............#.#
..#.######.......#######......#..
..#.##........#..# #....).#.#
..#.##........#.@# ####'#.#.#
....##........#.Y# #)#.#.#
###.##........#..# #.#.#.# #
#.##........#..# #)#.#.# #
#.##........#..# #####'#.#.# #
#.##........#..# #...)...#.# #
#..............# #.......#.# #
#####.........(# #.......#.# #
#.....).....######.......#.#


You could see a sky beast (very poisoned).

Vanquished Creatures
  Pikel (D:4)
  Menkaure (D:4)
  A black bear (D:5)
  A bullfrog (D:5)
  A kobold brigand (D:5)
  3 orc priests
  A hound (D:5)
  A jelly (D:5)
  3 orc wizards
  An iguana (D:4)
  A hell rat (Sewer)
  3 adders
  4 river rats (Sewer)
  A worm (D:2)
  3 dart slugs
  21 orcs
  5 ball pythons
  4 endoplasms
  4 giant cockroaches
  3 hobgoblins
  7 kobolds
  5 quokkas
  3 bats
  3 frilled lizards
  6 goblins
  20 rats
107 creatures vanquished.

Vanquished Creatures (others)
  A fungus (D:1)
1 creature vanquished.

Grand Total: 108 creatures vanquished

Notes
Turn   | Place    | Note
-------+----------+-------------------------------------------
     0 | D:1      | mdonais the Octopode Brigand began the quest for the Orb.
     0 | D:1      | Reached XP level 1. HP: 14/14 MP: 1/1
   208 | D:1      | Reached XP level 2. HP: 20/20 MP: 2/2
   379 | D:1      | Found a faded altar of an unknown god.
   396 | D:1      | Prayed at the altar of an unknown god.
   396 | D:1      | Became a worshipper of Kikubaaqudgha
   396 | D:1      | Reached * piety under Kikubaaqudgha
   396 | D:1      | Received a gift from Kikubaaqudgha
   399 | D:1      | Learned a level 1 spell: Pain
   520 | D:1      | Reached XP level 3. HP: 25/25 MP: 3/3
   533 | D:1      | Found Kapen's Weapon Emporium.
   538 | D:1      | Reached skill level 1 in Necromancy
  1603 | D:2      | Reached skill level 1 in Shields
  1725 | D:3      | Reached XP level 4. HP: 28/30 MP: 0/4
  1943 | D:3      | Found a blossoming altar of Fedhas.
  1954 | D:3      | Learned a level 2 spell: Poisonous Vapours
  2133 | D:3      | Reached ** piety under Kikubaaqudgha
  2233 | D:3      | Reached skill level 1 in Spellcasting
  2533 | D:3      | Reached XP level 5. HP: 35/35 MP: 6/6
  2542 | D:3      | Reached skill level 1 in Poison Magic
  2604 | D:3      | Reached skill level 1 in Air Magic
  3321 | D:3      | Reached *** piety under Kikubaaqudgha
  3321 | D:3      | Received a gift from Kikubaaqudgha
  3498 | D:4      | Identified a scroll of acquirement
  3498 | D:4      | Acquired the +1 hat "Duexiux" {Int+3}
  3598 | D:4      | Reached XP level 6. HP: 29/41 MP: 0/8
  3620 | D:4      | Learned a level 1 spell: Animate Skeleton
  3623 | D:4      | Noticed Pikel
  3639 | D:4      | Killed Pikel
  3640 | D:4      | Reached XP level 7. HP: 35/48 MP: 1/10
  3704 | D:4      | Found a staircase to the Ecumenical Temple.
  3803 | D:4      | Found a glowing drain.
  3808 | Sewer    | Entered a sewer
  4477 | D:4      | Noticed Menkaure
  4565 | D:4      | Killed Menkaure
  4566 | D:4      | Reached XP level 8. HP: 49/54 MP: 11/11
  4879 | Temple   | Entered the Ecumenical Temple
  4917 | D:5      | Entered Level 5 of the Dungeon
  5462 | D:5      | Reached skill level 5 in Fighting
  5462 | D:5      | Reached skill level 5 in Short Blades
  5956 | D:5      | Found Nuyra's Lightly-Used Armoury.
  6379 | D:5      | Slain by a sky beast

Illustrated notes

Levels and vault maps discovered:
D:1:      scummos_arrival_gate, layout_loops_ring, serial_shops, shop,
          shapermc_ecumenical_altar_gd
D:2:      layout_rooms
D:3:      layout_basic, mainiacjoe_overflow_tiny_flanked, minmay_rat_hole
D:4:      nicolae_cairo_tiling, layout_cave_pools, minmay_temple_entry_tees,
          portal_sewer_entry_e, uniq_menkaure, uniq_pikel
D:5:      layout_basic, minmay_shop_damaged
D:6:      layout_rooms, tgw_trog, mainiacjoe_overflow_concentric_impassable,
          small_statue_intersection
Temple:   jpeg_temple_clearing

Skill      XL: |  1  2  3  4  5  6  7  8 |
---------------+-------------------------+-----
Necromancy     | 1 2 3 |  3.2
Shields        | 1 2 4 |  4.0
Spellcasting   | 1 2 |  2.0
Poison Magic   | 2 3 |  3.0
Air Magic      | 1 2 |  2.0
Fighting       | 4 5 |  5.1
Short Blades   | 3 4 5 |  5.1
Dodging        | 2 |  2.0
Throwing       | |  2.0
Stealth        | |  5.3

Action                   |  1- 3 |  4- 6 |  7- 9 || total
-------------------------+-------+-------+-------++-------
Melee: Dagger            |    47 |   102 |    52 ||   201
       Constrict         |    13 |    13 |    12 ||    38
       Tentacles         |     7 |    12 |     9 ||    28
       Punch             |       |       |     1 ||     1
Throw: Dart              |       |     9 |     8 ||    17
 Cast: Pain              |    24 |    20 |       ||    44
       Poisonous Vapours |       |    21 |    67 ||    88
  Use: Potion            |       |     7 |       ||     7
       Scroll            |       |     1 |     4 ||     5
 Stab: Sleeping          |     8 |     1 |     2 ||    11
       Distracted        |       |     1 |       ||     1
Armor: Skin              |     3 |    56 |     4 ||    63
Dodge: Dodged            |    18 |    22 |    40 ||    80
Block: Buckler           |     1 |    20 |    14 ||    35

Table legend: (Time is in decaauts)
 A = Elapsed time spent in this place.
 B = Non-inter-level travel time spent in this place.
 C = Inter-level travel time spent in this place.
 D = Time resting spent in this place.
 E = Time spent auto-exploring this place.
 F = Levels seen in this place.
 G = Mean time per level.
                   A        B        C        D        E       F      G
               +--------+--------+--------+--------+--------+-----+--------+
         Total |   6367 |   6053 |    314 |   2506 |   2096 |   8 |  795.9 |
       Dungeon |   5843 |   5529 |    314 |   2124 |   2096 |   6 |  973.8 |
        Temple |      1 |      1 |      0 |      0 |      0 |   1 |    1.0 |
         Sewer |    522 |    522 |      0 |    382 |      0 |   1 |  522.0 |
               +--------+--------+--------+--------+--------+-----+--------+

Top non-repeatable levels by time:
     D:3: 1782 daAuts
     D:5: 1462 daAuts
     D:1: 916 daAuts
     D:4: 890 daAuts
     D:2: 783 daAuts
   Sewer: 522 daAuts
     D:6: 8 daAuts
  Temple: 1 daAuts
